 Dungeon Crawl Stone Soup version 0.22-a0-479-gc6e99f3 (webtiles) character file.

206668 galech the Warrior (level 19, -16/325 HPs)
             Began as an Ogre Berserker on June 14, 2018.
             Was the Champion of Trog.
             Demolished by an acid blob (24 damage)
             ... on level 5 of the Pits of Slime.
             The game lasted 01:21:21 (35830 turns).

galech the Warrior (Ogre Berserker)                Turns: 35830, Time: 01:21:22

Health: -16/325    AC: 14    Str: 44    XL:     19   Next: 15%
Magic:  2/19       EV: 19    Int: 18    God:    Trog [******]
Gold:   3227       SH: 30    Dex: 17    Spells: 18/18 levels left

rFire    . . .     SeeInvis .   S - +8 demon whip of the End {slash, Int+6}
rCold    . . .     Gourm    .   h - +2 large shield
rNeg     . . .     Faith    .   C - +0 acid dragon scales
rPois    .         Spirit   .   z - +2 hat
rElec    .         Reflect  +   Q - +0 cloak of Narcissism {Str+4 Int+4}
rCorr    +         Harm     .   (gloves unavailable)
MR       +++..     Rnd*Tele +   (boots unavailable)
Stlth    ..........             X - +2 amulet of reflection
HPRegen  1.64/turn              L - +4 ring of strength
MPRegen  0.16/turn              u - +4 ring of dexterity

@: berserking, very slightly contaminated, starving, regenerating, very quick
A: large, unfitting armour, repulsion field 1, rugged brown scales 1, camouflage
1, agile 1, screaming 1, strong 1, teleportitis 1, tough skin 1
a: Berserk, Trog's Hand, Brothers in Arms, Renounce Religion


You were on level 5 of the Pits of Slime.
You worshipped Trog.
Trog was exalted by your worship.
You were starving.

You visited 5 branches of the dungeon, and saw 31 of its levels.
You visited the Abyss 1 time.
You also visited: Bailey and Ice Cave.

You collected 3391 gold pieces.
You spent 164 gold pieces at shops.

Inventory:

Hand Weapons
 k - a +4 demon trident of freezing
 S - the +8 demon whip of the End (weapon) {slash, Int+6}
   (Trog gifted it to you on level 14 of the Dungeon)

   It inflicts extra damage upon your enemies.
   It affects your intelligence (+6).
Armour
 h - a +2 large shield (worn)
 o - the +0 robe of Eternal Vigilance {+Inv rF- rC+++ Stlth+}
   (You bought it in a shop on level 4 of the Dungeon)

   It makes you vulnerable to fire.
   It renders you almost immune to cold.
   It lets you turn invisible.
   It makes you more stealthy.
 z - a +2 hat (worn)
 C - +0 acid dragon scales (worn)
 P - +0 fire dragon scales
 Q - the +0 cloak of Narcissism (worn) {Str+4 Int+4}
   (You found it in a bailey)

   It affects your strength (+4).
   It affects your intelligence (+4).
Jewellery
 m - an uncursed amulet of regeneration
 u - a +4 ring of dexterity (right hand)
 w - an uncursed ring of poison resistance
 y - an uncursed ring of protection from fire
 L - a +4 ring of strength (left hand)
 O - an uncursed ring of protection from cold
 V - an uncursed ring of see invisible
 X - a +2 amulet of reflection (around neck)
Wands
 x - a wand of flame (76)
 B - a wand of acid (9)
 E - a wand of scattershot (7)
 J - a wand of digging (19)
 N - a wand of iceblast (33)
 Y - a wand of disintegration (9)
Scrolls
 e - 9 scrolls of enchant armour
 p - 8 scrolls of teleportation
 q - 5 scrolls of fog
 r - a scroll of holy word
 v - 5 scrolls of fear
 D - a scroll of brand weapon
 T - 4 scrolls of magic mapping
 W - 2 scrolls of silence
 Z - 11 scrolls of remove curse
Potions
 a - 6 potions of flight
 b - a potion of resistance
 d - 7 potions of agility
 f - 8 potions of curing
 n - 4 potions of haste
 A - a potion of invisibility
 F - 6 potions of lignification
 G - 3 potions of brilliance
 K - a potion of mutation
 M - 2 potions of cancellation
 R - 5 potions of might
Comestibles
 c - 55 rations


   Skills:
 + Level 18.0 Fighting
 + Level 16.1 Maces & Flails
 + Level 9.6 Armour
 + Level 11.1 Dodging
 + Level 4.3 Stealth
 + Level 16.9 Shields
 + Level 0.1 Evocations


You had 18 spell levels left.
You didn't know any spells.
Your spell library was empty.

Dungeon Overview and Level Annotations

Branches:
Dungeon (15/15)            Temple (0/1) D:7            Lair (6/6) D:11
 Shoals (0/4) Lair:3       Spider (0/4) Lair:3        Slime (5/5) Lair:5
    Orc (2/2) D:12            Elf (3/3) Orc:2        Vaults (0/5) D:14
 Depths (0/5) D:15

Altars:
Ashenzari
Cheibriados
Dithmenos
Fedhas
Makhleb
Okawaru
Qazlal
Ru
Sif Muna
Trog
Yredelemnul
Zin
The Shining One
Jiyva

Shops:
D:4 [   D:8 [   D:10 *   D:15 (   Orc:2 ((:

Portals:
Trove: Elf:2 (give +5 demon trident)


Innate Abilities, Weirdness & Mutations

You are too large for most types of armour.
You have tough skin. (AC +1)
You are surrounded by a mild repulsion field. (EV +2)
You are partially covered in rugged brown scales. (AC +1, +3% HP)
Your skin changes colour to match your surroundings (Stealth+).
You are agile. (Dex +2)
You occasionally shout uncontrollably at your foes.
Your muscles are strong. (Str +2)
You are occasionally teleported next to monsters.


Message History

You are splashed with acid!
The acid burns!
You resist.
* * * LOW HITPOINT WARNING * * *
Okay, then.
You feel better.
You recover from your berserk rage.
You block the slime creature's attack. The acid blob spits acid at you.
The splash of acid hits you! You resist.
* * * LOW HITPOINT WARNING * * *
You are splashed with acid!
The acid burns!
You resist.
* * * LOW HITPOINT WARNING * * *
You whack the acid blob!
Your hands burn!
* * * LOW HITPOINT WARNING * * *
The acid blob is lightly wounded.
You block the slime creature's attack.
A red film seems to cover your vision as you go berserk!
You feel yourself moving faster!
You feel mighty!
You are starving!
The acid blob hits you!!
You die...

#............
#.............
###.............
##...............
#................
##...........
#............ #
##...J.......
#.##....@.......
#.....J........
##..............
#...............
#................
#................
#................
##...............
#...............


You could see an acid blob and a slime creature.

Vanquished Creatures
  Saint Roka (Elf:2)
  Jorgrun (Elf:3)
  Rupert (Lair:4)
  A deep elf blademaster (Elf:3)
  3 deep elf master archers (Elf:3)
  2 acid blobs (Slime:5)
  A tentacled starspawn (Abyss:2)
  A fire giant (D:13)
  An azure jelly (Slime:5)
  A balrug (Abyss:2)
  Louise (D:14)
  An orc warlord (Orc:1)
  9 deep elf sorcerers
  8 deep elf elementalists (Elf:3)
  A stone giant (Orc:2)
  9 deep elf demonologists (Elf:3)
  Azrael (D:13)
  6 deep elf annihilators (Elf:3)
  4 deep elf death magi (Elf:3)
  Snorg (D:11)
  An ettin (Orc:1)
  51 slime creatures
  A great orb of eyes (Slime:5)
  A fire dragon (Lair:6)
  3 deep elf high priests (Elf:3)
  A rakshasa (Abyss:2)
  6 hydras
  A catoblepas (D:14)
  4 centaur warriors
  Erica (D:8)
  27 dancing weapons
  6 two-headed ogres
  A queen ant (Lair:3)
  Urug (Lair:5)
  4 orc high priests
  A vampire mage (D:15)
  A soul eater (Abyss:2)
  16 deep elf knights
  A sun demon (Abyss:2)
  Sonja (D:10)
  A wretched star (Abyss:2)
  2 unseen horrors
  7 skeletal warriors
  2 spark wasp zombies (D:15)
  2 starcursed masses (Abyss:2)
  16 deep elf archers
  A swamp dragon (shapeshifter) (D:14)
  Pikel (D:7)
  2 necromancers
  A frost giant zombie (D:15)
  2 lindwurms (Lair:6)
  5 orc knights
  A wolf spider zombie (D:14)
  43 deep elf magi
  An oklob plant (Lair:2)
  7 orc sorcerers
  2 ugly things (IceCv)
  A manticore (D:12)
  A salamander (shapeshifter) (D:13)
  2 cyclopes
  3 centaur zombies
  3 ice statues (IceCv)
  Maurice (D:13)
  A stone giant skeleton (D:15)
  A black mamba (Lair:6)
  A spiny frog (shapeshifter) (Elf:1)
  6 torpor snails
  An orange demon (Abyss:2)
  An eye of devastation (Lair:5)
  Psyche (D:8)
  15 spiny frogs
  3 smoke demons (Abyss:2)
  3 kobold demonologists (D:13)
  An efreet (Abyss:2)
  2 rime drakes (Lair:6)
  7 komodo dragons
  A yaktaur (shapeshifter) (Elf:3)
  A tengu conjurer (D:15)
  A red devil (Abyss:2)
  3 tyrant leeches (Lair:6)
  5 trolls
  9 polar bears (Lair:6)
  8 hornets
  A troll (shapeshifter) (D:14)
  A wind drake (shapeshifter) (D:14)
  A harpy skeleton (D:15)
  40 blink frogs
  12 hippogriffs
  A slime creature (shapeshifter) (Elf:3)
  8 raiju
  8 dream sheep
  An air elemental (Elf:1)
  4 large abominations
  A redback (Lair:3)
  27 yaks
  5 wyverns
  2 vampire mosquitoes (D:15)
  3 golden eyes (Abyss:2)
  4 basilisks
  5 fire elementals
  A chaos spawn (Abyss:2)
  3 neqoxecs (Abyss:2)
  5 wargs
  A hungry ghost (D:15)
  21 soldier ants
  8 water moccasins
  15 porcupines
  19 hell hounds
  A hornet zombie (D:14)
  2 slaves (D:7)
  22 orc warriors
  11 ice beasts
  4 eyes of draining
  2 phantoms
  2 sky beasts (D:13)
  11 ogres
  14 black bears
  11 centaurs
  15 crocodiles
  22 wolves
  2 big kobolds
  22 bullfrogs
  3 earth elementals
  A wyvern skeleton (D:14)
  A scorpion (D:9)
  A water moccasin skeleton (D:8)
  6 killer bees (D:9)
  5 wights (D:8)
  6 howler monkeys
  An electric eel (Lair:1)
  5 crimson imps
  A quasit (D:10)
  2 bullfrog zombies (D:9)
  7 hounds
  A bullfrog skeleton (D:9)
  4 jellies
  4 centaur skeletons
  10 orc priests
  17 orc wizards
  3 iguanas
  29 worker ants
  A yak simulacrum (D:11)
  2 small abominations (Abyss:2)
  2 wolf simulacra (D:11)
  A hound zombie (D:7)
  A human simulacrum (Abyss:2)
  A howler monkey zombie (D:9)
  A worker ant zombie (D:10)
  8 gnolls
  14 adders
  6 shadow imps
  5 oozes (D:9)
  2 adder skeletons (D:9)
  3 worms
  A dart slug (D:3)
  5 leopard geckos
  77 orcs
  6 bats
  5 giant cockroaches
  4 goblins
  10 hobgoblins
  17 jackals
  3 quokkas
  4 ball pythons
  3 frilled lizards
  A jackal skeleton (D:5)
  16 kobolds
  13 rats
  8 river rat simulacra (D:11)
  3 plants
1029 creatures vanquished.

Vanquished Creatures (others)
  A deep elf mage (Elf:1)
  An orc priest (Orc:2)
  A goblin (D:1)
  65 fungi
  69 plants
  6 starspawn tentacles (Abyss:2)
  A withered plant (D:15)
144 creatures vanquished.

Grand Total: 1173 creatures vanquished

Notes
Turn   | Place    | Note
-------+----------+-------------------------------------------
     0 | D:1      | galech the Ogre Berserker began the quest for the Orb.
     0 | D:1      | Reached XP level 1. HP: 24/24 MP: 1/1
    85 | D:1      | Reached XP level 2. HP: 20/32 MP: 2/2
   379 | D:1      | Reached XP level 3. HP: 33/40 MP: 3/3
  1135 | D:2      | Reached ** piety under Trog
  1321 | D:2      | Found a bloodstained altar of Trog.
  1488 | D:2      | Found an iron altar of Okawaru.
  1561 | D:2      | Reached XP level 4. HP: 40/49 MP: 4/4
  1852 | D:3      | Reached skill level 1 in Shields
  1983 | D:3      | Reached XP level 5. HP: 55/55 MP: 5/5
  2190 | D:3      | Found a burning altar of Makhleb.
  2190 | D:3      | Noticed a balrug
  2194 | D:3      | Noticed an orange demon
  2194 | D:3      | Noticed a hellwing
  2696 | D:4      | Reached skill level 5 in Fighting
  2696 | D:4      | Reached XP level 6. HP: 51/66 MP: 6/6
  2700 | D:4      | Reached *** piety under Trog
  2928 | D:4      | Noticed an orc warrior
  3185 | D:4      | Killed an orc warrior
  3715 | D:4      | Found Vaoril's Antique Armour Shoppe.
  3723 | D:4      | Bought a faintly humming robe for 125 gold pieces
  3733 | D:4      | Identified the +0 robe of Eternal Vigilance {+Inv rF- rC+++ Stlth+} (You bought it in a shop on level 4 of the Dungeon)
  3884 | D:4      | Reached XP level 7. HP: 39/72 MP: 7/7
  4187 | D:5      | Entered Level 5 of the Dungeon
  4239 | D:5      | Reached skill level 1 in Stealth
  4252 | D:5      | Reached skill level 5 in Maces & Flails
  4436 | D:5      | Found Yce Xiag's Book Emporium.
  4816 | D:5      | Found a basalt altar of Yredelemnul.
  4828 | D:5      | Got a crystal hand axe
  4829 | D:5      | Identified the cursed +1 hand axe "Esexulub" {freeze, +Blink rPois Int-5} (You found it on level 5 of the Dungeon)
  4891 | D:5      | Reached skill level 6 in Fighting
  5075 | D:5      | Found a snail-covered altar of Cheibriados.
  5125 | D:5      | Reached XP level 8. HP: 76/83 MP: 8/8
  5308 | D:6      | Reached **** piety under Trog
  6244 | D:7      | Found a staircase to the Ecumenical Temple.
  6922 | D:7      | Reached skill level 5 in Dodging
  6922 | D:7      | Reached skill level 5 in Shields
  7124 | D:7      | Reached XP level 9. HP: 73/92 MP: 9/9
  7151 | D:8      | Found a basalt altar of Yredelemnul.
  7151 | D:8      | Found a deep blue altar of Sif Muna.
  7151 | D:8      | Noticed Pikel
  7151 | D:8      | Noticed a two-headed ogre
  7163 | D:7      | Killed a two-headed ogre
  7163 | D:7      | Reached skill level 7 in Fighting
  7163 | D:7      | Reached skill level 1 in Armour
  7336 | D:7      | Killed Pikel
  7522 | D:8      | Noticed Psyche
  7537 | D:8      | Killed Psyche
  7580 | D:8      | Noticed Erica
  7604 | D:8      | Killed Erica
  7604 | D:8      | Reached skill level 8 in Fighting
  7604 | D:8      | Reached XP level 10. HP: 15/104 MP: 10/10
  7950 | D:8      | Got a transparent robe
  7961 | D:8      | Identified the +5 robe of Starshine {Str+4 Dex+6 Slay-5} (You found it on level 8 of the Dungeon)
  8138 | D:8      | Found Fumpoic's Armour Shoppe.
  8660 | D:8      | Found a burning altar of Makhleb.
  8662 | D:8      | Noticed a balrug
  8664 | D:8      | Found a glowing silver altar of Zin.
  8665 | D:8      | Noticed an angel
  8741 | D:9      | Noticed a two-headed ogre
  8757 | D:9      | Killed a two-headed ogre
  9061 | D:9      | Found a sacrificial altar of Ru.
  9507 | D:9      | Received a gift from Trog
  9513 | D:9      | Found a shadowy altar of Dithmenos.
  9513 | D:9      | Found a sacrificial altar of Ru.
  9518 | D:9      | Found a shattered altar of Ashenzari.
  9520 | D:9      | Found a stormy altar of Qazlal.
  9522 | D:9      | Found a faded altar of an unknown god.
  9635 | D:9      | Reached XP level 11. HP: 57/113 MP: 11/11
 10778 | D:10     | Entered Level 10 of the Dungeon
 10814 | D:10     | Found Vayruf's General Store.
 10854 | D:10     | Noticed Sonja
 10913 | D:9      | Reached skill level 9 in Fighting
 11019 | D:10     | Found a flagged portal.
 11027 | D:10     | Got a sapphire halberd
 11030 | Bailey   | Entered a bailey
 11244 | Bailey   | Noticed an orc knight
 11510 | Bailey   | Killed an orc knight
 11519 | Bailey   | Got an encrusted cloak
 11525 | Bailey   | Identified the cursed +0 cloak of Narcissism {Str+4 Int+4} (You found it in a bailey)
 12284 | D:10     | Bought a scroll of teleportation for 39 gold pieces
 12383 | D:10     | Killed Sonja
 12681 | D:11     | Got a bone trident
 12721 | D:11     | Noticed a two-headed ogre
 12731 | D:11     | Killed a two-headed ogre
 12911 | D:11     | Noticed Snorg
 12912 | D:11     | Noticed a skeletal warrior
 12913 | D:11     | Noticed a skeletal warrior
 12950 | D:11     | Killed Snorg
 13064 | D:11     | Killed a skeletal warrior
 13064 | D:11     | Reached skill level 10 in Maces & Flails
 13240 | D:11     | Noticed a skeletal warrior
 13242 | D:11     | Noticed a skeletal warrior
 13245 | D:11     | Noticed a skeletal warrior
 13253 | D:11     | Killed a skeletal warrior
 13253 | D:11     | Reached XP level 12. HP: 94/126 MP: 12/12
 13386 | D:11     | Reached skill level 10 in Fighting
 13439 | D:11     | Found a staircase to the Lair.
 13677 | D:11     | Reached skill level 10 in Shields
 14097 | Lair:1   | Entered Level 1 of the Lair of Beasts
 14326 | Lair:1   | Reached ***** piety under Trog
 14445 | Lair:1   | Noticed a seven-headed hydra
 14671 | Lair:1   | Found a frozen archway.
 14680 | IceCv    | Entered an ice cave
 15634 | Lair:1   | Reached XP level 13. HP: 135/135 MP: 13/13
 16353 | Lair:2   | Reached skill level 11 in Fighting
 16701 | Lair:2   | Found a blossoming altar of Fedhas.
 17925 | Lair:3   | Found a staircase to the Shoals.
 18117 | Lair:3   | Found a hole to the Spider Nest.
 18558 | Lair:4   | Reached skill level 12 in Fighting
 18561 | Lair:4   | Received a gift from Trog
 18630 | Lair:4   | Noticed Rupert
 18650 | Lair:4   | Killed Rupert
 18656 | Lair:4   | Reached XP level 14. HP: 149/149 MP: 14/14
 19331 | Lair:5   | Found a viscous altar of Jiyva.
 19331 | Lair:5   | Found a staircase to the Slime Pits.
 19540 | Lair:5   | You fall through a shaft!
 19540 | Lair:6   | Entered Level 6 of the Lair of Beasts
 19559 | Lair:6   | Reached skill level 5 in Armour
 19574 | Lair:5   | Noticed Urug
 19586 | Lair:5   | Killed Urug
 20763 | Lair:6   | Received a gift from Trog
 20895 | Lair:6   | Reached skill level 13 in Fighting
 20997 | Lair:6   | Reached ****** piety under Trog
 21532 | Lair:6   | Found a runed door.
 21563 | Lair:6   | Reached XP level 15. HP: 131/161 MP: 15/15
 21606 | Lair:6   | Received a gift from Trog
 22736 | D:12     | Found a staircase to the Orcish Mines.
 23066 | Orc:1    | Entered Level 1 of the Orcish Mines
 23480 | Orc:2    | Entered Level 2 of the Orcish Mines
 23501 | Orc:2    | Noticed an orc warlord
 23582 | Orc:1    | Killed an orc warlord
 24202 | Orc:2    | Found a staircase to the Elven Halls.
 24601 | Orc:2    | Found Goxeam's Antique Weapon Shoppe.
 24923 | Orc:2    | Found Etirghex's Antique Armour Shop.
 24928 | Orc:2    | Found Nenoox's Book Shop.
 24934 | Orc:2    | Found Ehushry's Weapon Shoppe.
 25308 | D:13     | Noticed Azrael
 25326 | D:13     | Killed Azrael
 25568 | D:13     | Found a runed door.
 25678 | D:13     | Noticed Maurice
 25686 | D:13     | Killed Maurice
 25753 | D:13     | Reached skill level 14 in Fighting
 26091 | D:13     | Noticed a fire giant
 26114 | D:13     | Killed a fire giant
 26358 | D:14     | Received a gift from Trog
 26363 | D:14     | Got an ancient demon whip {god gift}
 26386 | D:14     | Identified the +8 demon whip of the End {slash, Int+6} (Trog gifted it to you on level 14 of the Dungeon)
 26449 | D:14     | Noticed Louise
 26501 | D:14     | Killed Louise
 26565 | D:14     | Reached XP level 16. HP: 172/172 MP: 16/16
 26613 | D:14     | Found a gate to the Vaults.
 27025 | D:14     | Found a glowing golden altar of the Shining One.
 27074 | D:15     | Entered Level 15 of the Dungeon
 27230 | D:15     | Reached skill level 10 in Dodging
 27282 | D:15     | Found a staircase to the Depths.
 27430 | D:15     | Found Borhurul's Weapon Shop.
 28045 | Elf:1    | Entered Level 1 of the Elven Halls
 28326 | Elf:1    | Received a gift from Trog
 28510 | Elf:1    | Reached skill level 15 in Fighting
 29042 | Elf:1    | Received a gift from Trog
 29369 | Elf:2    | Reached skill level 15 in Shields
 29422 | Elf:2    | Reached XP level 17. HP: 121/184 MP: 17/17
 30012 | Elf:2    | Found a runed gate.
 30012 | Elf:2    | Found a runed gate.
 30013 | Elf:2    | Found a runed gate.
 30015 | Elf:2    | Noticed Saint Roka
 30066 | Elf:2    | Killed Saint Roka
 30066 | Elf:2    | Reached skill level 16 in Fighting
 30066 | Elf:2    | Reached skill level 15 in Maces & Flails
 30415 | Elf:2    | Received a gift from Trog
 30578 | Elf:2    | Found a portal to a secret trove of treasure.
 31615 | Elf:3    | Entered Level 3 of the Elven Halls
 31995 | Elf:3    | Cast into level 2 of the Abyss (a deep elf demonologist)
 32306 | Abyss:2  | Noticed a tentacled starspawn
 32327 | Abyss:2  | Gained mutation: You are dopey. (Int -2) [a neqoxec]
 32334 | Abyss:2  | Killed a tentacled starspawn
 32357 | Abyss:2  | Noticed a tentacled starspawn
 32591 | Abyss:2  | Received a gift from Trog
 32591 | Abyss:2  | Gained mutation: Your body sometimes deteriorates upon taking damage. [a neqoxec]
 32649 | Elf:3    | Escaped the Abyss
 32696 | Elf:3    | Lost mutation: Your body sometimes deteriorates upon taking damage. [potion of mutation]
 32696 | Elf:3    | Lost mutation: You are dopey. (Int -2) [potion of mutation]
 32696 | Elf:3    | Gained mutation: You are partially covered in rugged brown scales. (AC +1, +3% HP) [potion of mutation]
 32696 | Elf:3    | Gained mutation: Your skin changes colour to match your surroundings (Stealth+). [potion of mutation]
 32696 | Elf:3    | Gained mutation: You occasionally shout uncontrollably at your foes. [potion of mutation]
 32696 | Elf:3    | Gained mutation: Your muscles are strong. (Str +2) [potion of mutation]
 32974 | Elf:3    | Reached XP level 18. HP: 198/203 MP: 18/18
 32989 | Elf:3    | Noticed a deep elf blademaster
 33000 | Elf:3    | Killed a deep elf blademaster
 33001 | Elf:3    | Noticed a deep elf master archer
 33010 | Elf:3    | Killed a deep elf master archer
 33180 | Elf:3    | Reached skill level 17 in Fighting
 33251 | Elf:3    | Noticed a deep elf master archer
 33271 | Elf:3    | Killed a deep elf master archer
 33341 | Elf:3    | Received a gift from Trog
 33347 | Elf:3    | Noticed Jorgrun
 33357 | Elf:3    | Noticed a deep elf master archer
 33364 | Elf:3    | Killed Jorgrun
 33368 | Elf:3    | Killed a deep elf master archer
 33404 | Elf:3    | Noticed a Hell Sentinel
 33406 | Elf:3    | Noticed an Ice Fiend
 33741 | Elf:3    | Got a scintillating turquoise ring
 33884 | Elf:3    | Noticed a Brimstone Fiend
 33892 | Elf:3    | Noticed an Ice Fiend
 34198 | Elf:3    | Identified the Tome of Quantum Ice
 34229 | Elf:3    | Identified the ring "Kavoihy" {-Tele rPois Int+3} (You took it off a deep elf demonologist on level 3 of the Elven Halls)
 34241 | Elf:3    | Identified the Tome of Venomous Earth
 34617 | Slime:1  | Entered Level 1 of the Pits of Slime
 34737 | Slime:1  | Gained mutation: You are surrounded by a mild repulsion field. (EV +2) [a shining eye]
 34791 | Slime:2  | Received a gift from Trog
 35145 | Slime:3  | Reached XP level 19. HP: 206/217 MP: 19/19
 35725 | Slime:4  | Gained mutation: You are agile. (Dex +2) [a shining eye]
 35726 | Slime:4  | Gained mutation: You are occasionally teleported next to monsters. [a shining eye]
 35727 | Slime:5  | Entered Level 5 of the Pits of Slime
 35780 | Slime:5  | Reached skill level 18 in Fighting
 35827 | Slime:5  | HP: 6/217 [acid (5)]
 35830 | Slime:5  | Demolished by an acid blob

Vault maps used:
D:1:      mushboom_english_gardens, hangedman_decor_points, minmay_distorted
D:2:      okawaru_ov_weapons_minmay, lemuel_doored_altar, eino_tiny_chamber
D:3:      makhleb_altar_promises_db
D:4:      first_ration, serial_shops, nicolae_shop_crystal, saegor_snake_ambush
D:5:      lemuel_crystal_altar, serial_shops, kennysheep_little_box,
          minmay_ruined_shrine
D:7:      minmay_temple_entry_butterflies
D:8:      grunt_temple_overflow_order_and_chaos_2, grunt_temple_overflow_open,
          serial_shops, nicolae_shop_trees, uniq_pikel, uniq_psyche, uniq_erica
D:9:      chequers_temple_overflow_minitemple, hangedman_little_slice_of_home,
          hangedman_ru_absence
D:10:     enter_bailey_2, serial_shops, shop_fountains, uniq_sonja
D:11:     due_lair_maze_entry_diamond, eino_house_with_fridge, uniq_snorg
D:12:     orc_0_dummy, minmay_misc_feat_columns
D:13:     wad_hexagon, uniq_maurice, uniq_azrael
D:14:     david_vaults_2, nrook_mini_backslash, tso_metal_star, uniq_louise
D:15:     gammafunk_depths_entry_grave, minmay_misc_feat_more_columns,
          serial_shops, nicolae_shop_statue_plus
Lair:1:   portal_ice_cave_entry_pillars_2, grunt_megastairs_4,
          lemuel_fruit_fields, serial_bayou_shore_a
Lair:2:   lemuel_oklob_altar, serial_bayou_shore_b
Lair:3:   minmay_shoals_entry_centaurs, spider_nest_entry_rubble, minivault_29
Lair:4:   lemuel_fruit_fields, uniq_rupert
Lair:5:   slime_altar_1, uniq_urug
Lair:6:   wormcave, hangedman_lair_caniforms_friends
Orc:2:    st_orc_elflike
Elf:1:    eino_elf_arrival_sip, evilmike_minifort
Elf:2:    trove_entry_hex_spiral, uniq_saint_roka
Elf:3:    minmay_elf_hall_hex, spider_trap, grunt_ministairs_1, uniq_jorgrun
Bailey:   bailey_polearm_1, bailey
IceCv:    ice_cave_statue_garden_chambered

Skill      XL: |  1  2  3  4  5  6  7  8  9 10 11 12 13 14 15 16 17 18 19 |
---------------+----------------------------------------------------------+-----
Maces & Flails | 3 4 5 6 7 8 10 11 12 13 14 15 16 | 16.1
Dodging        | 3 4 5 6 7 8 9 10 11 | 11.1
Shields        | 1 2 3 5 6 8 9 10 11 13 14 15 16 | 16.9
Fighting       | 5 6 8 9 10 12 13 14 15 16 17 18 | 18.0
Stealth        | 1 2 3 4 |  4.3
Armour         | 2 3 4 5 6 8 9 |  9.6
Evocations     | |  0.1

Action                   |  1- 3 |  4- 6 |  7- 9 | 10-12 | 13-15 | 16-18 | 19-21 || total
-------------------------+-------+-------+-------+-------+-------+-------+-------++-------
Melee: Mace              |   156 |    47 |   357 |    41 |       |       |       ||   601
       Flail             |    13 |    96 |       |   934 |  1766 |       |       ||  2809
       Demon whip        |       |       |       |       |    56 |  1368 |    97 ||  1521
Invok: Berserk           |       |     2 |     4 |    14 |     9 |     9 |     2 ||    40
       Trog's Hand       |       |       |     2 |    13 |     8 |    12 |     3 ||    38
Evoke: Wand              |       |       |       |     9 |       |       |       ||     9
  Use: Scroll            |       |     7 |     3 |     9 |    15 |     9 |     2 ||    45
       Potion            |       |       |       |     4 |       |     5 |     8 ||    17
 Stab: Sleeping          |     1 |       |     8 |     7 |     2 |       |     1 ||    19
       Distracted        |       |       |     1 |     3 |     1 |     1 |       ||     6
  Eat: Chunk             |     2 |    10 |    15 |    24 |    45 |    31 |       ||   127
       Ration            |       |       |       |     7 |     1 |     4 |       ||    12
Armor: Animal skin       |    47 |    27 |       |       |       |       |       ||    74
       Robe              |       |       |    26 |    85 |     4 |       |       ||   115
       Acid dragon scale |       |       |    28 |     1 |       |    11 |    15 ||    55
       Fire dragon scale |       |       |       |    48 |   253 |   132 |       ||   433
Dodge: Dodged            |    88 |    26 |    88 |   256 |   354 |   225 |    41 ||  1078
Block: Large shield      |    83 |   126 |   342 |  1043 |  1734 |   855 |   132 ||  4315

Table legend:
 A = Spawn XP
 B = Non-spawn XP
 C = Spawn XP percentage of total XP
 D = Spawn monster count
 E = Non-spawn monster count
 F = Spawn count percentage of total count
 G = Total turns spent on level
                    A         B        C        D         E        F      G
               +---------+---------+-------+---------+---------+-------+---------
         Total |   14426 |  314744 |   4.4 |      33 |     994 |   3.2 | 35830
               +---------+---------+-------+---------+---------+-------+---------
           D:1 |       0 |      37 |   0.0 |       0 |      23 |   0.0 |   889
           D:2 |       0 |      52 |   0.0 |       0 |      22 |   0.0 |   940
           D:3 |       0 |     161 |   0.0 |       0 |      25 |   0.0 |  1096
           D:4 |       0 |     426 |   0.0 |       0 |      23 |   0.0 |  1498
           D:5 |       0 |     613 |   0.0 |       0 |      22 |   0.0 |   777
           D:6 |       0 |     292 |   0.0 |       0 |      12 |   0.0 |   963
           D:7 |       0 |    2397 |   0.0 |       0 |      26 |   0.0 |  1332
           D:8 |       0 |    2374 |   0.0 |       0 |      28 |   0.0 |  1244
           D:9 |       0 |    4682 |   0.0 |       0 |      46 |   0.0 |  2113
          D:10 |       0 |    2040 |   0.0 |       0 |      24 |   0.0 |  1240
          D:11 |       0 |    9689 |   0.0 |       0 |      52 |   0.0 |  1560
          D:12 |       0 |    3699 |   0.0 |       0 |      15 |   0.0 |   726
          D:13 |       0 |   11208 |   0.0 |       0 |      27 |   0.0 |  1151
          D:14 |       0 |    7766 |   0.0 |       0 |      24 |   0.0 |   850
          D:15 |       0 |   10664 |   0.0 |       0 |      32 |   0.0 |   835
        Lair:1 |       0 |    6168 |   0.0 |       0 |      24 |   0.0 |  1325
        Lair:2 |       0 |    4061 |   0.0 |       0 |      22 |   0.0 |  1309
        Lair:3 |       0 |    9902 |   0.0 |       0 |      65 |   0.0 |  1145
        Lair:4 |       0 |   10282 |   0.0 |       0 |      33 |   0.0 |   837
        Lair:5 |       0 |    9184 |   0.0 |       0 |      22 |   0.0 |  1185
        Lair:6 |       0 |   25506 |   0.0 |       0 |     105 |   0.0 |  2276
       Slime:1 |       0 |    2103 |   0.0 |       0 |       8 |   0.0 |    76
       Slime:2 |       0 |    6071 |   0.0 |       0 |      19 |   0.0 |   785
       Slime:3 |       0 |    3121 |   0.0 |       0 |      11 |   0.0 |   172
       Slime:4 |       0 |     234 |   0.0 |       0 |       1 |   0.0 |    29
       Slime:5 |       0 |   10695 |   0.0 |       0 |      16 |   0.0 |   103
         Orc:1 |       0 |    7109 |   0.0 |       0 |      31 |   0.0 |  1126
         Orc:2 |       0 |   12093 |   0.0 |       0 |      37 |   0.0 |  1245
         Elf:1 |       0 |   33313 |   0.0 |       0 |      51 |   0.0 |  1292
         Elf:2 |       0 |   33860 |   0.0 |       0 |      50 |   0.0 |  1964
         Elf:3 |     202 |   78324 |   0.3 |       1 |      66 |   1.5 |  1794
       Abyss:2 |   14224 |    2153 |  86.9 |      32 |       3 |  91.4 |   654
        Bailey |       0 |    1178 |   0.0 |       0 |      18 |   0.0 |   557
         IceCv |       0 |    3287 |   0.0 |       0 |      11 |   0.0 |   742
               +---------+---------+-------+---------+---------+-------+---------
